Map: Acropolis LE

Players

ShoWTimE - Winner!

  • Race: Protoss Protoss
  • Spawn Location: 11:00

TIME (Oliveira)

  • Race: Terran Terran
  • Spawn Location: 5:00

Event: 2019 WCS Summer

VOD

Have the link to the VOD?

Description

Time

  • Played on: July 14, 2019, 9:34 a.m.
  • Length: 20:13

All games in this series

Show
View Real Time Build Order
Export as new Build Order

ShoWTimE Protoss - Winner!

Build Orders: 1 Gate Expand, Phoenix Opening, Blink Stalkers, Chargelot Immortal 

Get SALT Encoding   

  12  0:00  Probe  
  13  0:12  Probe  
  14  0:17  Pylon  
  14  0:24  Probe  
  15  0:32  Probe  
  15  0:36  Gateway  
  15  0:40  Probe  
  16  0:45  Assimilator  
  17  0:51  Probe  
  18  1:03  Probe  
  19  1:15  Probe  
  20  1:22  Cybernetics Core  
  20  1:32  Nexus  
  20  1:35  Probe  
  21  1:42  Pylon  
  21  1:47  Probe  
  21  1:51  Assimilator, Adept  
  22  1:59  Probe  
  25  2:06  Warp Gate  
  25  2:10  Probe  
  26  2:18  Probe  
  26  2:21  Sentry  
  29  2:26  Probe  
  30  2:37  Probe  
  30  2:40  Twilight Council  
  30  2:43  Probe  
  31  2:47  Stalker  
  31  2:49  Probe  
  35  2:51  Probe  
  35  2:55  Phoenix  
  35  2:57  Blink  
  36  3:00  Probe  
  36  3:01  Probe  
  38  3:07  Gateway  
  38  3:12  Probe  
  39  3:14  Probe  
  39  3:16  Pylon  
  39  3:24  Stalker  
  39  3:25  Probe  
  42  3:27  Probe  
  43  3:36  Gateway  
  43  3:37  Probe  
  43  3:39  Probe  
  45  3:48  Probe  
  45  3:49  Robotics Facility  
  45  3:51  Probe, Assimilator  
  47  3:56  Probe  
  48  4:03  Probe  
  48  4:04  Probe  
  48  4:06  Pylon  
  50  4:10  Nexus  
  50  4:13  Sentry  
  50  4:15  Probe  
  53  4:17  Probe  
  53  4:21  Pylon  
  54  4:26  Forge  
  54  4:27  Probe  
  54  4:29  Probe  
  56  4:31  Stalker  
  58  4:39  Observer, Probe  
  58  4:41  Probe  
  58  4:43  Pylon  
  61  4:52  Probe, Protoss Ground Armor Level 1  
  62  4:53  Gateway  
  62  4:55  Probe  
  62  4:56  Gateway  
  62  4:58  Charge  
  63  5:01  Observer  
  63  5:04  Probe  
  65  5:08  Probe  
  65  5:13  Gateway x2  
  66  5:16  Probe  
  66  5:19  Gateway  
  66  5:21  Forge  
  67  5:23  Probe x2  
  67  5:25  Sentry  
  71  5:32  Immortal  
  71  5:35  Probe  
  76  5:36  Probe  
  76  5:37  Probe  
  76  5:41  Gateway  
  78  5:43  Pylon  
  78  5:48  Pylon  
  78  5:51  Probe  
  79  5:59  Zealot x4, Protoss Ground Weapons Level 1  
  79  6:04  Pylon  
  87  6:08  Immortal  
  87  6:09  Pylon  
  91  6:18  Stalker x3  
  97  6:25  Pylon  
  97  6:32  Stalker x4  
  105  6:34  Pylon  
  105  6:40  Zealot, Immortal  
  109  6:54  Zealot x3  
  109  6:57  Zealot  
  109  6:58  Zealot x3  
  117  7:11  Nexus  
  101  7:19  Nexus  
  97  7:23  Stalker x2  
  97  7:28  Zealot  
  103  7:32  Observer  
  103  7:37  Protoss Ground Armor Level 2  
  103  7:41  Pylon  
  103  7:46  Immortal  
  103  7:47  Pylon  
  103  7:49  Probe x2  
  109  7:52  Pylon  
  109  7:53  Protoss Ground Weapons Level 2  
  109  7:54  Pylon  
  109  7:59  Pylon  
  109  8:01  Probe x2  
  111  8:13  Probe x2  
  111  8:14  Pylon  
  111  8:15  Warp Prism  
  111  8:16  Zealot x2  
  117  8:24  Probe  
  117  8:25  Probe x2  
  122  8:28  Shield Battery  
  122  8:33  Zealot x2  
  122  8:34  Templar Archives  
  126  8:35  Zealot  
  126  8:38  Probe x3  
  131  8:51  Pylon  
  131  8:54  Zealot x4  
  139  8:58  Gateway  
  139  9:00  Stalker, Gateway  
  139  9:01  Stalker x2  
  145  9:05  Stalker  
  145  9:15  Pylon  
  145  9:17  Stalker x3  
  147  9:24  Zealot x4  
  153  9:34  Zealot  
  149  9:40  Zealot x3  
  149  9:44  Zealot  
  149  9:45  Zealot x3  
  157  9:56  Zealot x3, Immortal  
  157  10:00  Zealot x3  
  157  10:06  Zealot x4  
  151  10:12  Protoss Ground Armor Level 3  
  115  10:21  Stalker x6  
  115  10:25  Warp Prism  
  115  10:39  Observer, Nexus  
  115  10:44  Nexus  
  115  10:48  Protoss Ground Weapons Level 3  
  115  10:52  Zealot x4  
  115  10:54  Sentry  
  115  10:57  Zealot  
  123  11:02  Zealot x3  
  129  11:10  Zealot  
  129  11:15  Sentry x2  
  131  11:20  Zealot x4  
  123  11:28  Zealot x3  
  121  11:33  Stalker  
  117  11:41  Zealot x6  
  123  11:47  Observer  
  123  11:50  Zealot x3  
  127  12:00  Zealot  
  129  12:02  Zealot x6  
  131  12:09  Probe x4  
  131  12:11  Sentry  
  135  12:20  Stalker x2  
  135  12:21  Probe x3  
  142  12:25  Zealot x5  
  142  12:26  Probe  
  153  12:31  Zealot x2  
  153  12:33  Probe  
  158  12:41  High Templar  
  158  12:44  Photon Cannon  
  158  12:45  Zealot x4, Shield Battery, High Templar  
  158  12:50  Robotics Bay, Archon  
  168  12:52  Assimilator  
  168  12:53  Probe  
  168  12:54  Probe x2, Assimilator  
  168  12:55  Probe  
  172  13:05  Zealot x6, Probe  
  185  13:18  Robotics Facility  
  183  13:22  Zealot x4  
  182  13:29  Disruptor, Sentry x3  
  182  13:30  Zealot x3  
  172  13:51  Zealot x2  
  172  13:54  Nexus  
  169  13:55  Pylon  
  169  13:58  Pylon  
  169  13:59  Pylon  
  165  14:12  Pylon  
  165  14:14  Pylon  
  165  14:16  Pylon x2  
  165  14:17  Disruptor, Pylon  
  165  14:18  Disruptor  
  171  14:24  Assimilator  
  167  14:34  Stalker x4  
  167  14:38  Stalker  
  177  14:52  Disruptor  
  167  14:53  Pylon  
  167  14:57  Stalker x4  
  164  15:00  Zealot  
  158  15:12  Zealot x3  
  158  15:13  Zealot  
  158  15:19  Zealot  
  142  15:22  Zealot x2  
  142  15:24  Zealot  
  128  15:30  Zealot x2  
  128  15:31  Observer  
  128  15:34  Zealot x2  
  122  15:48  Nexus  
  120  15:52  Assimilator  
  120  15:56  Assimilator  
  120  15:58  High Templar x5  
  120  16:02  Zealot x2  
  134  16:06  Archon  
  134  16:07  Archon  
  126  16:20  Disruptor x2  
  127  16:27  Zealot x5  
  137  16:33  High Templar  
  137  16:39  Archon  
  139  16:41  Zealot x2  
  139  16:42  Zealot x2  
  145  16:52  Stalker x4  
  132  17:09  Zealot x6  
  140  17:18  Zealot x2  
  144  17:23  Probe x2  
  144  17:29  Stalker x3  
  150  17:30  Probe  
  150  17:35  Probe x3  
  154  17:42  Probe  
  155  17:47  Probe x2  
  155  17:50  Stalker x4  
  165  17:55  Probe x2  
  167  18:01  Probe  
  167  18:02  Observer  
  167  18:05  Disruptor  
  161  18:09  Assimilator  
  161  18:13  Assimilator  
  161  18:19  Observer  
  161  18:24  Nexus  
  161  18:26  Zealot x2, Pylon  
  161  18:27  Zealot x2  
  169  18:38  Disruptor  
  169  18:42  Disruptor  
  169  18:47  Zealot  
  169  18:48  Zealot x4  
  177  19:00  Zealot x5  
  149  19:19  Zealot, High Templar x4  
  157  19:26  Pylon  
  157  19:27  Archon x2  
  157  19:34  Stalker, Sentry x2  
  157  19:37  Pylon  
  157  19:38  Probe x4  
  166  19:39  Probe  
  166  19:43  Zealot x3  
  174  19:48  Stargate  
  174  19:50  Probe  
  175  19:53  Stalker x3  
Show
View Real Time Build Order
Export as new Build Order

TIME Terran 

Build Orders: Gas First Reaper Expand 

Get SALT Encoding   

  12  0:00  SCV  
  13  0:12  SCV  
  14  0:17  Supply Depot  
  14  0:25  SCV  
  14  0:28  Refinery  
  15  0:38  SCV  
  16  0:45  Barracks  
  16  0:50  SCV  
  17  1:02  SCV  
  18  1:15  SCV  
  19  1:32  Orbital Command, Reaper  
  20  1:46  Command Center  
  20  1:57  Factory  
  20  2:01  SCV  
  21  2:06  Barracks Reactor  
  21  2:13  SCV  
  22  2:16  Supply Depot  
  22  2:19  Refinery  
  22  2:25  SCV  
  23  2:38  SCV  
  23  2:42  Marine x2  
  23  2:43  Hellion  
  28  2:48  Starport  
  28  2:50  SCV  
  29  2:59  Orbital Command  
  29  3:04  Marine, SCV  
  31  3:07  Marine  
  31  3:10  Factory Tech Lab  
  32  3:18  SCV  
  33  3:23  Marine  
  33  3:25  Marine  
  35  3:27  SCV  
  35  3:32  SCV  
  37  3:34  Factory Tech Lab  
  37  3:36  Barracks  
  37  3:40  Raven  
  39  3:43  SCV  
  39  3:44  SCV  
  42  3:49  Supply Depot  
  42  3:55  SCV  
  42  3:56  SCV  
  42  3:58  Siege Tank  
  46  4:05  Supply Depot  
  46  4:10  Marine x2, SCV x2  
  50  4:22  SCV x2  
  52  4:24  Barracks  
  52  4:28  Marine  
  52  4:30  Marine  
  52  4:31  Stimpack, Engineering Bay  
  54  4:33  Refinery  
  54  4:34  SCV  
  54  4:37  SCV  
  54  4:38  Marine  
  57  4:43  Factory Reactor, Starport Reactor  
  57  4:46  SCV, Supply Depot  
  57  4:47  Marine  
  57  4:48  Supply Depot  
  57  4:50  Marauder  
  61  4:53  SCV  
  61  4:59  Terran Infantry Weapons Level 1  
  62  5:07  Marine  
  62  5:08  SCV x2, Supply Depot  
  62  5:11  Marauder  
  67  5:17  Combat Shield, Marine, Supply Depot  
  67  5:18  Marauder  
  67  5:20  SCV x2  
  72  5:22  Widow Mine  
  72  5:25  Widow Mine  
  72  5:27  Marine  
  77  5:32  Refinery  
  77  5:33  Marauder, SCV  
  77  5:35  Marine  
  81  5:38  Marine  
  81  5:42  Supply Depot  
  82  5:43  SCV  
  82  5:45  Marine, SCV, Medivac  
  82  5:48  Medivac  
  89  5:51  Widow Mine  
  89  5:53  Marine  
  89  5:54  Widow Mine  
  98  6:04  Marauder x2  
  98  6:05  Marine  
  98  6:08  Supply Depot  
  98  6:10  Supply Depot  
  98  6:11  Marine  
  98  6:15  Medivac  
  98  6:18  Widow Mine  
  102  6:29  Marine x4  
  102  6:30  Widow Mine, Medivac  
  102  6:31  Concussive Shells  
  109  6:40  SCV x2  
  109  6:43  Command Center  
  111  6:47  Marine  
  111  6:54  Marauder, Marine  
  113  7:04  Liberator  
  113  7:05  Liberator  
  79  7:17  Marine x2, Reaper  
  79  7:18  Marauder  
  79  7:19  Widow Mine  
  79  7:21  Widow Mine  
  86  7:26  Barracks  
  86  7:27  Barracks  
  86  7:28  SCV, Terran Infantry Armor Level 1  
  86  7:29  SCV  
  88  7:35  Marine x2  
  90  7:41  SCV  
  90  7:42  SCV  
  90  7:45  Marine  
  90  7:46  Widow Mine x2  
  90  7:47  Liberator  
  90  7:49  Marine  
  90  7:50  Liberator  
  96  7:53  Marauder  
  96  7:55  Orbital Command  
  96  7:56  SCV  
  96  7:57  SCV  
  96  7:58  Marine  
  101  8:03  Missile Turret  
  101  8:04  Marauder  
  106  8:09  Widow Mine  
  106  8:11  Marine, Widow Mine  
  115  8:12  SCV  
  115  8:14  SCV  
  115  8:15  Barracks Reactor  
  116  8:21  SCV  
  116  8:24  Marine, Barracks Tech Lab, Supply Depot  
  116  8:25  Marauder, SCV  
  123  8:27  Marauder  
  123  8:28  SCV  
  123  8:29  Marine  
  123  8:32  Liberator  
  123  8:33  SCV  
  123  8:34  Liberator  
  126  8:36  Widow Mine x2  
  126  8:37  SCV, Supply Depot  
  131  8:42  Marine, Refinery  
  131  8:44  Refinery  
  131  8:46  Marine  
  135  8:48  Marauder  
  141  8:57  Supply Depot  
  141  8:58  Marine  
  141  8:59  Marauder, Marine x2  
  141  9:01  Widow Mine, Supply Depot  
  148  9:09  Widow Mine  
  149  9:11  Armory  
  149  9:13  Engineering Bay  
  149  9:19  Marauder x2, Marine x4  
  149  9:23  Marauder  
  159  9:29  Liberator x2  
  158  9:37  Marine x4  
  161  9:39  Widow Mine x2  
  161  9:44  Marauder  
  164  9:46  Supply Depot x2  
  164  9:47  Marauder  
  164  9:48  Marine  
  171  9:54  Marine  
  166  10:00  Widow Mine  
  166  10:03  Marine x2  
  166  10:05  Widow Mine  
  166  10:06  Marauder x2  
  151  10:07  SCV x2  
  151  10:12  Marine x2  
  151  10:13  Marauder  
  119  10:22  Widow Mine  
  119  10:24  Marine x2  
  119  10:27  Marine, Marauder  
  119  10:29  SCV, Medivac x2  
  119  10:30  Marine  
  119  10:32  Marine  
  119  10:34  Marauder, SCV  
  121  10:36  SCV  
  121  10:42  Marine x2  
  124  10:44  SCV  
  124  10:46  Marauder  
  124  10:48  Marine  
  124  10:49  Marauder  
  129  10:51  Marine  
  129  10:55  Widow Mine  
  129  10:56  Marauder, Widow Mine  
  136  10:59  Marine  
  136  11:01  Marine, SCV  
  139  11:06  Marine, Command Center  
  139  11:07  Marauder  
  139  11:09  Marine  
  139  11:10  Marauder  
  145  11:17  Ghost Academy, Marine x2, Widow Mine  
  145  11:18  Widow Mine  
  147  11:19  Marine  
  133  11:27  Marine  
  133  11:28  Marauder  
  133  11:31  Marauder  
  130  11:33  Marine  
  130  11:34  Medivac x2  
  130  11:35  Marine, Marauder  
  135  11:41  Marine  
  135  11:43  Widow Mine x2  
  135  11:44  Terran Infantry Weapons Level 2, SCV  
  135  11:45  Marine, SCV  
  135  11:48  Terran Infantry Armor Level 2  
  135  11:51  Marine  
  134  12:01  Ghost x2  
  128  12:03  Ghost  
  128  12:05  Marine  
  127  12:09  SCV  
  127  12:11  SCV  
  127  12:12  Marine  
  127  12:13  Marine  
  127  12:14  Marine  
  127  12:15  SCV  
  133  12:18  Planetary Fortress  
  133  12:23  Marine  
  133  12:27  SCV  
  133  12:28  SCV  
  136  12:30  Marine x3  
  136  12:31  Widow Mine, Sensor Tower  
  136  12:33  Marine, Widow Mine  
  136  12:36  SCV  
  145  12:37  Marine  
  145  12:38  Marauder  
  145  12:40  SCV  
  145  12:44  Marine  
  150  12:47  Marine  
  150  12:48  Marauder, Marine  
  150  12:50  Medivac x2  
  158  12:53  Marine, SCV x3  
  162  13:00  Widow Mine x2  
  162  13:01  Marauder, Marine x2  
  162  13:05  Marine x2  
  170  13:09  Marauder  
  174  13:17  Marine  
  174  13:19  Marine  
  173  13:23  Marine x2, Marauder  
  173  13:24  Marauder  
  174  13:31  Marine  
  162  13:37  Marine, SCV  
  162  13:38  Marine  
  157  13:41  Marine x2  
  157  13:44  Marauder  
  157  13:45  Marauder  
  154  13:50  Marauder  
  154  13:51  SCV x2  
  154  13:52  SCV  
  154  13:54  Refinery  
  158  13:55  Marine x2  
  158  13:59  Marine, Widow Mine x2, Medivac x2  
  169  14:03  Terran Infantry Weapons Level 3  
  169  14:06  Marine  
  169  14:07  Marauder  
  172  14:13  SCV  
  172  14:14  Supply Depot x2  
  172  14:23  Marine  
  172  14:24  Marine  
  173  14:27  Marine  
  173  14:29  Marauder, Marine x2  
  173  14:30  Terran Infantry Armor Level 3  
  178  14:36  Marine  
  179  14:43  Widow Mine x2, Medivac x2  
  179  14:45  Marine x2  
  188  14:47  Marauder  
  188  14:51  Marine  
  172  14:56  Liberator x2  
  172  14:59  Marine x2  
  169  15:00  Marauder  
  169  15:04  Widow Mine x2  
  166  15:09  Marine  
  166  15:10  Marauder  
  166  15:14  Marine x2  
  167  15:17  Marauder  
  167  15:18  Marine  
  157  15:21  Marauder  
  157  15:27  Marine  
  129  15:31  Marine  
  129  15:32  Marine x2  
  109  15:36  Marine  
  109  15:38  SCV  
  109  15:39  Marauder  
  109  15:40  SCV  
  109  15:42  Marauder, Liberator  
  110  15:44  SCV  
  110  15:45  Marine  
  110  15:48  Marine, Liberator  
  110  15:49  Marine  
  112  15:51  Marine  
  112  15:55  Marine  
  115  16:00  Marauder  
  115  16:04  Marauder  
  122  16:06  Marine x2  
  122  16:08  Widow Mine x2  
  123  16:18  Marine  
  123  16:22  Marauder, Marine x2  
  125  16:25  Marine  
  125  16:26  Marauder, Marine  
  125  16:30  Liberator, Widow Mine x2  
  133  16:36  Marine  
  134  16:40  Marine x2  
  134  16:44  Marine, Marauder  
  134  16:45  Marauder  
  141  16:47  Marine  
  141  16:48  Command Center  
  145  16:54  Marine  
  145  16:57  Marine x2, Command Center  
  146  17:01  Liberator  
  146  17:02  Marine  
  146  17:05  Marauder x2  
  146  17:06  Marine  
  146  17:12  Marine  
  146  17:15  Marine x2  
  132  17:17  Liberator  
  132  17:20  Marine  
  127  17:24  Refinery  
  131  17:30  Marine  
  131  17:32  Ghost x2  
  131  17:35  Widow Mine x2  
  138  17:42  Marine x3  
  138  17:43  Marauder  
  143  17:47  Marine  
  143  17:49  Liberator  
  142  17:56  Starport, Terran Ship Weapons Level 1  
  139  17:58  Refinery x2  
  139  18:00  Marine x3  
  139  18:01  Marauder x2  
  139  18:04  Marine  
  117  18:05  Marine  
  121  18:13  Liberator  
  121  18:17  Marine  
  121  18:18  Marine x2  
  124  18:22  Marauder, Marine  
  124  18:23  Marine, Marauder  
  133  18:35  Marine  
  133  18:40  Marauder  
  133  18:50  Marine x2  
  133  18:51  Marauder  
  125  18:58  Marine x2  
  125  18:59  Marauder  
  121  19:04  Marine  
  121  19:06  Liberator  
  121  19:08  Marine x2  
  121  19:09  Planetary Fortress  
  118  19:12  Marauder  
  118  19:16  Marine x2  
  107  19:20  Marauder  
  107  19:22  Marauder  
  109  19:24  SCV  
  109  19:26  SCV  
  109  19:29  SCV  
  109  19:30  Marine x2  
  114  19:38  Marine x2  
  119  19:42  Marine  
  119  19:43  Marauder  
  122  19:50  Marauder  
  122  19:51  Marine x2  
  129  19:57  SCV x2  
Tags
 
Add a new tag
Caveats
  • Supply blocks, unpowered buildings, or Contaminate may cause inaccurate times.
  • Supply counts are checked every 10 seconds.